 Dungeon Crawl Stone Soup version 0.18-a0-46-g45ca8e4 (webtiles) character file.

21 4thArraOfDagon the Shooter (level 2, 0/24 HPs)
             Began as a Centaur Hunter on Nov 6, 2015.
             Slain by a hound (5 damage)
             ... on level 5 of the Dungeon.
             The game lasted 00:03:47 (725 turns).

4thArraOfDagon the Shooter (Centaur Hunter)          Turns: 725, Time: 00:03:48

Health: 0/24       AC:  5    Str: 14    XL:     2   Next: 65%
Magic:  1/1        EV:  8    Int: 10    God:
Gold:   63         SH:  0    Dex:  9    Spells: 0 memorised, 1 level left

rFire  . . .     SeeInvis .     a - +1 shortbow
rCold  . . .     Clarity  .     i - +0 ring mail
rNeg   . . .     SustAt   .     (shield currently unavailable)
rPois  .         Gourm    .     (no helmet)
rElec  .         Spirit   .     (no cloak)
rCorr  .         Warding  .     (no gloves)
rMut   .         Stasis   .     (no barding)
MR     .....                    (no amulet)
Stlth  ..........               (no ring)
                                (no ring)

@: very slightly contaminated, very quick, not resistant to hostile
enchantments, extremely unstealthy
A: hooves 3, deformed body, speed 2, low mp 1, tough skin 3, subdued magic 1
a: no special abilities


You were on level 5 of the Dungeon.
You were not hungry.

You visited 1 branch of the dungeon, and saw 5 of its levels.

You collected 98 gold pieces.
You spent 35 gold pieces at shops.

Inventory:

Hand Weapons
 a - a +1 shortbow (weapon)
 c - a +0 short sword
Missiles
 b - 7 arrows (quivered)
Armour
 i - a +0 ring mail (worn)
Jewellery
 p - an uncursed ring of teleportation
Potions
 f - a potion of haste {unknown}
 g - 2 potions of brilliance {unknown}
 j - a potion of heal wounds {unknown}
 l - a potion of curing {unknown}
 m - 2 potions of magic
 n - a potion of resistance {unknown}
Comestibles
 e - 2 bread rations
 h - a meat ration
 o - a slice of pizza


   Skills:
 + Level 2.0 Fighting
 - Level 6.4 Bows
 - Level 1.3 Dodging
 - Level 0.5 Stealth


You had one spell level left.
You didn't know any spells.

Dungeon Overview and Level Annotations

Branches:
Dungeon (5/15)
 Temple: D:4-7

Altars:

Shops:
D:4 *


Innate Abilities, Weirdness & Mutations

You have hooves in place of feet.
Armour fits poorly on your strangely shaped body.
You cover ground very quickly.
You have extremely tough skin (AC +3).
Your magical capacity is low (-10% MP).
Your spells are a little easier to cast, but a little less powerful.


Message History

You shoot an arrow. The arrow barely misses the hound.
The hound misses you.
Firing (i - inventory):
b - 10 arrows (quivered)
Press: ? - help, Shift-Dir - straight line, f/p - hound
Aim: a hound (moderately wounded)
You shoot an arrow. The arrow barely misses the hound.
The hound bites you. The hound barely misses you.
Firing (i - inventory):
b - 9 arrows (quivered)
Press: ? - help, Shift-Dir - straight line, f/p - hound
Aim: a hound (moderately wounded)
You shoot an arrow. The arrow barely misses the hound.
The hound bites you but does no damage.
Firing (i - inventory):
b - 8 arrows (quivered)
Press: ? - help, Shift-Dir - straight line, f/p - hound
Aim: a hound (moderately wounded)
You shoot an arrow. The arrow hits the hound!
The hound is severely wounded.
The hound bites you.
* * * LOW HITPOINT WARNING * * *
The hound bites you.
You die...

***,***,,,,,,*,*,,***,****,,,,,,,
,,,,,,,,,,,,,,,,,,,,,,,,,,,,,,,>,
,**,***,,,,,,*,*,,***,****,,,,,,,
,**,****,*,***,*,,,,,,* *<,,,,,,
,*,,,,,*,,,,,,,*,#####* *,,,,,,,
,*****,***,*****,#...# ****,*,*
,* *,* *,,,,,,,#.#.# *,*,* ,* *,*
*****####.#.# *,,,* ,*
*,******<#.@..#.# *,,,* **
*,,,,,,*,#h####.# *,,,*
******,*,#.####.# *,*,*
*,*,#.#<...# ******,*,,
*,*,..###..# *,,,,*,*,,
*,**##**#.ยง# *,**,*,*,,
*,,,,,,*#..#**,**,,,*,,
******,*#..#,,,******,*
*,*#..#,*,,,,,,*,*


You could see a hound.

Vanquished Creatures
  3 bats
  3 goblins
  A hobgoblin (D:3)
  4 jackals (D:1)
  A quokka (D:3)
  A ball python (D:3)
  3 giant cockroaches
  A giant newt (D:3)
  2 kobolds
  2 rats
21 creatures vanquished.

Notes
Turn   | Place    | Note
--------------------------------------------------------------
     0 | D:1      | 4thArraOfDagon the Centaur Hunter began the quest for the Orb.
     0 | D:1      | Reached XP level 1. HP: 17/17 MP: 1/1
   199 | D:1      | Reached XP level 2. HP: 24/24 MP: 2/2
   214 | D:1      | Reached skill level 6 in Bows
   693 | D:4      | Noticed a scorpion
   697 | D:4      | Found Ryjafer's General Store.
   702 | D:4      | Bought a potion of mutation for 35 gold pieces
   706 | D:5      | Entered Level 5 of the Dungeon
   718 | D:5      | Gained mutation: Your spells are a little easier to cast, but a little less powerful. [potion of mutation]
   718 | D:5      | Gained mutation: Your magical capacity is low (-10% MP). [potion of mutation]
   725 | D:5      | Slain by a hound

Vault maps used:
D:1:      dpeg_arrival_simpleton_a, serial_corexii_hall, corexii_hall_statues_x,
          corexii_hall_statues_l, minivault_24
D:2:      first_bread, serial_park_tiny_1
D:3:      kennysheep_generic_room_8
D:4:      minmay_temple_entry_butterflies, serial_shops, shop, uniq_natasha,
          uniq_blork_the_orc

Action                   || total
-------------------------++-------
Melee: Short sword       ||    25
 Fire: Shortbow          ||    57
  Use: Scroll            ||     5
       Potion            ||     1
